[Event "Team 45 45 League T35"]
[Site "Internet Chess Club"]
[Date "2007.10.29"]
[Round "2"]
[White "Changuito-77"]
[Black "lupinus"]
[Result "1-0"]
[WhiteElo "1790"]
[BlackElo "1639"]
[Opening "Vienna game"]
[ECO "C26"]
[Time "14:00:55"]
[TimeControl "2700+45"]

1. e4 e5 2. Bc4 Nf6 3. Nc3 Bc5 4. d3 d6 5. Na4 Bb6 6. Nxb6 axb6 7. f4 Bg4 8. Nf3
Nbd7 9. O-O O-O 10. Qe1 Bxf3 11. Rxf3 exf4 12. Bb3 Qe7 13. Bxf4 Ne5 14. Rh3 Ng6
15. Bd2 Qe5 16. Bc3 Qg5 17. Rg3 Qh4 18. Bxf6 Qxf6 19. c3 Rae8 20. Qe2 Nf4 21.
Qf3 Qh6 22. Qe3 Ng6 23. Qxh6 gxh6 24. h4 h5 25. Rg5 Re5 26. Rxe5 Nxe5 27. d4 Ng4
28. Rf1 Kg7 29. Rf5 Kg6 30. Bd1 Re8 31. Rg5+ Kh6 32. Bxg4 hxg4 33. Rxg4 Kh5 34.
Rf4 f6 35. g3 Kg6 36. Kf2 h5 37. Kf3 Re7 38. a4 c6 39. Rf5 Re8 40. c4 Ra8 41. b3
Re8 42. Ke3 Re7 43. a5 bxa5 44. Rxa5 Re8 45. Kf4 Re7 46. b4 Re8 47. e5 dxe5+ 48.
dxe5 fxe5+ 49. Rxe5 Rf8+ 50. Ke4 Rf7 51. Rg5+ Kh6 52. Rf5 Kg6 53. Rxf7 {Black
resigns} 1-0

[Event "Team 45 45 League T35"]
[Site "Internet Chess Club"]
[Date "2007.10.26"]
[Round "2"]
[White "AntonioMendonca"]
[Black "rubo"]
[Result "1-0"]
[WhiteElo "1657"]
[BlackElo "1709"]
[Opening "English, 1...Nf6 (Anglo-Indian defense)"]
[ECO "A15"]
[Time "16:07:43"]
[TimeControl "2700+45"]

1. c4 Nf6 2. g3 e5 3. Bg2 Bc5 4. Nc3 O-O 5. e4 c6 6. Nge2 d6 7. O-O Bg4 8. Qb3
Qc7 9. h3 Be6 10. Na4 Nbd7 11. d3 b5 12. Nxc5 Nxc5 13. Qc2 bxc4 14. dxc4 Rfb8
15. b3 h6 16. f4 exf4 17. gxf4 Bc8 18. Bb2 Ncd7 19. Rad1 Ne8 20. Nd4 Bb7 21. Nf5
f6 22. Qd2 Nc5 23. Nxd6 Rd8 24. e5 Ne6 25. b4 Qb6+ 26. c5 Qc7 27. f5 Ng5 28. h4
Nf7 29. Nxe8 Rxe8 30. exf6 Rad8 31. Qc3 Rxd1 32. Rxd1 Qf4 33. fxg7 Qxh4 34. Rf1
Re2 35. a4 Bc8 36. Ba1 Bxf5 37. Rxf5 Re1+ 38. Rf1 Qf2+ 39. Kxf2 {Black resigns}
1-0

[Event "Team 45 45 League T35"]
[Site "Internet Chess Club"]
[Date "2007.10.26"]
[Round "2"]
[White "Electryon"]
[Black "MPknight"]
[Result "1/2-1/2"]
[WhiteElo "1634"]
[BlackElo "1640"]
[Opening "Queen's bishop game"]
[ECO "D02"]
[Time "21:22:46"]
[TimeControl "2700+45"]

1. d4 d5 2. Nf3 Nf6 3. Bf4 e6 4. e3 Be7 5. h3 O-O 6. Nbd2 Nbd7 7. Bd3 Bd6 8. Ne5
a6 9. a4 Be7 10. O-O c5 11. c3 cxd4 12. exd4 Re8 13. Re1 Nf8 14. Qf3 Ng6 15.
Nxg6 hxg6 16. Nf1 Nh5 17. Bd2 Bg5 18. Re5 Bxd2 19. Nxd2 Qf6 20. g3 Qxf3 21. Nxf3
Nf6 22. Ng5 Bd7 23. a5 Nh7 24. Nxh7 Kxh7 25. Rh5+ Kg8 26. Rh4 f5 27. Rf4 Kf7 28.
Re1 Rac8 29. Kg2 Kf6 30. Rf3 Kf7 31. g4 Kf6 32. gxf5 gxf5 33. Rg3 g6 34. h4 Rh8
35. Rh1 Rcg8 36. Kf3 e5 37. dxe5+ Kxe5 38. Rhg1 Kf6 39. Rh1 Bc6 40. Kf4 d4 41.
Rhh3 dxc3 42. bxc3 Rd8 43. Bc4 Bd5 44. Bxd5 Rxd5 45. h5 Rxh5 46. Rxh5 gxh5 47.
Rg5 Rxa5 48. Rxh5 Ra4+ 49. Ke3 Kg6 50. Rh1 Re4+ 51. Kf3 Rc4 52. Rc1 b5 53. Ra1
Rxc3+ 54. Ke2 Rc6 55. Rg1+ Kf6 56. Rb1 Rb6 57. Kd3 b4 58. Rh1 Kg5 59. Kc2 b3+
60. Kb2 a5 61. Ra1 Rb5 62. Ra4 f4 63. f3 Re5 64. Kxb3 Re3+ 65. Kc2 Rxf3 66.
Rxa5+ Kg4 67. Kd2 Re3 68. Ra1 Re8 69. Rg1+ Kf5 70. Re1 Rxe1 71. Kxe1 Ke4 72. Ke2
f3+ 73. Kf2 Kf4 74. Kf1 Ke3 75. Ke1 f2+ 76. Kf1 Kf3 {White stalemated} 1/2-1/2

[Event "Team 45 45 League T35"]
[Site "Internet Chess Club"]
[Date "2007.10.26"]
[Round "2"]
[White "hualpe"]
[Black "chessateer"]
[Result "0-1"]
[WhiteElo "1817"]
[BlackElo "1846"]
[Opening "Philidor: Steinitz variation"]
[ECO "C41"]
[Time "14:08:49"]
[TimeControl "2700+45"]

1. e4 e5 2. Nf3 d6 3. Bc4 Be7 4. c3 Nf6 5. d3 O-O 6. O-O c6 7. Re1 Bg4 8. d4
exd4 9. cxd4 d5 10. exd5 Nxd5 11. Nc3 Nb6 12. Bb3 Bf6 13. Be3 Na6 14. Ne4 Re8
15. Bxf7+ Kxf7 16. Nfg5+ Bxg5 17. Nxg5+ Qxg5 18. Qb3+ Qd5 19. Qc2 Bf5 20. Qd2
Re6 21. Qd1 Rg6 22. f3 Nb4 23. Re2 Qxf3 24. Qb3+ N4d5 25. Rae1 Re8 26. Rf2 Rxg2+
27. Rxg2 Rxe3 {White resigns} 0-1

[Event "Team 45 45 League T35"]
[Site "Internet Chess Club"]
[Date "2007.10.28"]
[Round "2"]
[White "FiendAngelical"]
[Black "alexcluster"]
[Result "0-1"]
[WhiteElo "1822"]
[BlackElo "1844"]
[Opening "Sicilian: Scheveningen, Keres attack"]
[ECO "B81"]
[Time "17:47:25"]
[TimeControl "2700+45"]

1. e4 c5 2. Nf3 e6 3. d4 cxd4 4. Nxd4 Nf6 5. Nc3 d6 6. g4 e5 7. Bb5+ Bd7 8.
Bxd7+ Nfxd7 9. Ndb5 Nb6 10. Nd5 Nxd5 11. Qxd5 Nc6 12. Be3 a6 13. Nc3 Qa5 14.
O-O-O Qxd5 15. Nxd5 O-O-O 16. Bb6 Rd7 17. Be3 Rd8 18. Bb6 Rd7 19. Ne3 Nd8 20.
Nf5 g6 21. Ne3 Ne6 22. Nd5 Bg7 23. Be3 Kb8 24. Nb6 Rdd8 25. Nc4 Bf8 26. Bb6 Nc7
27. Nxe5 Bh6+ 28. Kb1 dxe5 29. h4 Bf4 {White resigns} 0-1

[Event "Team 45 45 League T35"]
[Site "Internet Chess Club"]
[Date "2007.10.25"]
[Round "2"]
[White "PiedraBuena"]
[Black "siddhu"]
[Result "1-0"]
[WhiteElo "1807"]
[BlackElo "1825"]
[Opening "Caro-Kann: Panov-Botvinnik attack"]
[ECO "B13"]
[Time "13:31:37"]
[TimeControl "2700+45"]

1. c4 c6 2. e4 d5 3. exd5 cxd5 4. d4 e6 5. Nf3 Nf6 6. Bg5 Nbd7 7. Nbd2 h6 8. Bf4
b6 9. Qa4 Bb7 10. Be2 Qc8 11. Rc1 Bc6 12. Qb3 Qb7 13. O-O Nh5 14. Be5 Nhf6 15.
cxd5 Bxd5 16. Qa4 a6 17. Rc7 b5 18. Qc2 Qb6 19. Rc8+ Ke7 20. Rc1 g6 21. Bxf6+
Nxf6 22. Rc7+ Nd7 23. Ne5 Qd6 24. Rxd7+ {Black resigns} 1-0

[Event "Team 45 45 League T35"]
[Site "Internet Chess Club"]
[Date "2007.10.28"]
[Round "2"]
[White "OnFire"]
[Black "chipionero"]
[Result "0-1"]
[WhiteElo "1713"]
[BlackElo "1711"]
[Opening "Sicilian: Najdorf, Byrne (English) attack"]
[ECO "B90"]
[Time "13:52:58"]
[TimeControl "2700+45"]

1. e4 c5 2. Nf3 d6 3. d4 cxd4 4. Nxd4 Nf6 5. Nc3 a6 6. Be3 e5 7. Nf3 b5 8. a3
Bb7 9. Bd3 Nbd7 10. b4 Rc8 11. Nd5 Nxd5 12. exd5 Bxd5 13. Bxb5 Bxf3 14. Bxd7+
Qxd7 15. Qxf3 Rxc2 16. O-O Be7 17. Qa8+ Qc8 18. Qd5 O-O 19. Rac1 Rxc1 20. Rxc1
Qd7 21. Rc6 Qb7 22. Rxd6 Qxd5 23. Rxd5 Rd8 24. Rxd8+ Bxd8 25. Bc5 Bc7 26. f3 f5
27. Kf2 Kf7 28. Ke3 Ke6 29. a4 Kd5 30. a5 Bxa5 31. Kd3 Bc7 32. g3 a5 33. h4 axb4
34. Bxb4 e4+ {White resigns} 0-1